 Dungeon Crawl Stone Soup version 0.30-a0-782-ge64f9170bb (webtiles) character file.

Game seed: 17946361314398932280

139 Dirtsage the Chopper (level 5, 0/41 HPs)
             Began as a Demonspawn Fighter on Mar 13, 2023.
             Slain by a kobold
             ... wielding a +0 short sword
              (2 damage)
             ... on level 3 of the Dungeon.
             The game lasted 00:03:05 (1523 turns).

Dirtsage the Chopper (Demonspawn Fighter)           Turns: 1523, Time: 00:03:05

Health: 0/41       AC:  9    Str: 18    XL:     5   Next: 1%
Magic:  5/5        EV:  9    Int: 10    God:
Gold:   138        SH:  4    Dex: 12    Spells: 4/4 levels left

rFire   . . .      SeeInvis .    a - +0 war axe
rCold   . . .      Faith    .    c - +0 buckler
rNeg    . . .      Spirit   .    b - +0 scale mail
rPois   .          Reflect  .    (no helmet)
rElec   .          Harm     .    (no cloak)
rCorr   .          Rampage  .    (no gloves)
Will    +....                    (no boots) Stlth
                                 (no amulet)
HPRegen 0.26/turn                e - ring of willpower
MPRegen 0.09/turn                (no ring)

@: hasted, very quick
A: slimy green scales 2, powered by pain 1
a: no special abilities


You were on level 3 of the Dungeon.
You visited 1 branch of the dungeon, and saw 6 of its levels.

You collected 138 gold pieces.

Inventory:

Hand Weapons
 a - a +0 war axe (weapon)
Armour
 b - a +0 scale mail (worn)
 c - a +0 buckler (worn)
Magical Staves
 i - a staff of death
Jewellery
 e - a ring of willpower (left hand)
Scrolls
 f - 2 scrolls of identify {unknown}
 g - a scroll of enchant weapon {unknown}
 h - a scroll of poison {unknown}
 k - a scroll of fog {unknown}
 l - a scroll of fear {unknown}
 p - a scroll of noise {unknown}
Potions
 d - 2 potions of might
 j - a potion of brilliance {unknown}
 n - a potion of degeneration {unknown}
 o - a potion of resistance {unknown}


   Skills:
 - Level 3.0 Fighting
 + Level 4.8 Axes
 - Level 2.6 Armour
 - Level 2.6 Shields


You had 4 spell levels left.
You didn't know any spells.
Your spell library contained the following spells:

 Spells                   Type           Power      Damage    Failure   Level
 Blink                    Tloc           0%         N/A       94%         2
 Lesser Beckoning         Tloc           0%         N/A       94%         2
 Momentum Strike          Conj/Tloc      0%         3d8       94%         2


Dungeon Overview and Level Annotations

Branches:
Dungeon (6/15)
 Temple: D:4-7

Altars:
Nemelex Xobeh


Innate Abilities, Weirdness & Mutations

You are mostly covered in slimy green scales. (AC +3)
You sometimes gain a little power by taking damage.


Message History

The ball python bites you.
* * * LOW HITPOINT WARNING * * *
The ball python grabs you.
You stop descending the stairs.
The ball python constricts you.
* * * LOW HITPOINT WARNING * * *
You take 4 damage, and have 5/35 hp.
You hit the ball python.
The ball python is severely wounded.
You hit the kobold but do no damage. The ball python barely misses you.
The ball python constricts you. The kobold hits you but does no damage.
The adder bites you but does no damage. The ball python bites you.
* * * LOW HITPOINT WARNING * * *
The ball python constricts you. You block the kobold's attack.
You take 1 damage, and have 4/35 hp.
You hit the ball python.
You kill the ball python!
You barely miss the kobold. You closely miss the adder.
The adder bites you but does no damage.
The kobold hits you with a +0 short sword.
* * * LOW HITPOINT WARNING * * *
You block the adder's attack.
You take 3 damage, and have 1/35 hp.
It was a potion of haste.
You feel yourself speed up. The adder bites you but does no damage.
The kobold hits you but does no damage.
You closely miss the adder. You hit the kobold. The adder closely misses you.
The kobold barely misses you.
You slash the adder!
You kill the adder!
You barely miss the kobold.
The kobold hits you with a +0 short sword.
* * * LOW HITPOINT WARNING * * *
You have reached level 5!
MP restored: 5 You hit the kobold but do no damage.
The kobold is moderately wounded.
You block the kobold's attack.
You completely miss the kobold.
The kobold is moderately wounded.
The kobold hits you with a +0 short sword.
You die...

###### ######
##.....#.....##
#.............#
.........(.....
...............
.....$.........
.......@.......
.......†K......
......)........
#..............
##.....#.....##
###### ######
##### #.[..
#..<#


You could see a kobold.

Vanquished Creatures
  An orc priest (D:4)
  An orc wizard (D:4)
  2 adders
  An ufetubus (D:3)
  3 dart slugs
  3 orcs (D:4)
  3 endoplasms
  3 giant cockroaches (D:1)
  6 goblins
  7 hobgoblins
  2 jackals (D:1)
  2 quokkas
  6 ball pythons
  4 bats
  4 frilled lizards
  4 kobolds
  3 rats
55 creatures vanquished.

Notes
Turn   | Place    | Note
-------+----------+-------------------------------------------
     0 | D:1      | Dirtsage the Demonspawn Fighter began the quest for the
                  | Orb.
     0 | D:1      | Reached XP level 1. HP: 18/18 MP: 1/1
    22 | D:1      | Reached skill level 2 in Axes
   109 | D:1      | Gained mutation: You are partially covered in slimy green
                  | scales. (AC +2) [demonic ancestry]
   109 | D:1      | Reached XP level 2. HP: 24/24 MP: 2/2
   332 | D:1      | Reached skill level 3 in Axes
   443 | D:1      | Gained mutation: You sometimes gain a little power by
                  | taking damage. [demonic ancestry]
   443 | D:1      | Reached XP level 3. HP: 25/29 MP: 3/3
   941 | D:2      | Found a sparkling altar of Nemelex Xobeh.
  1375 | D:3      | Reached skill level 4 in Axes
  1375 | D:3      | Gained mutation: You are mostly covered in slimy green
                  | scales. (AC +3) [demonic ancestry]
  1375 | D:3      | Reached XP level 4. HP: 20/35 MP: 4/4
  1435 | D:3      | You fall into a shaft and drop 3 floors!
  1444 | D:5      | Entered Level 5 of the Dungeon
  1518 | D:3      | HP: 1/35 [kobold/+0 short sword (3)]
  1522 | D:3      | Reached XP level 5. HP: 2/41 MP: 5/5
  1523 | D:3      | Slain by a kobold

Illustrated notes

Levels and vault maps discovered:
D:1:      lightli_arrival_noodles, layout_basic, bh_walls_and_bars
D:2:      layout_rooms, basic_altar, solitary_fountain
D:3:      layout_rooms
D:4:      layout_layer_cave, eino_small_chamber_without_monster
D:5:      layout_loops_ring, mainiacjoe_overflow_catwalk,
          minmay_temple_entry_grid, lightli_minifort, uniq_menkaure
D:6:      layout_cave_pools, mainiacjoe_overflow_six_doors_small, serial_shops,
          nicolae_take_the_stairs, biasface_ghost_orc_armoury

Skill      XL: |  1  2  3 |
---------------+----------+-----
Axes           | 2 3 4 |  4.8
Fighting       | |  3.0
Armour         | |  2.6
Shields        | |  2.6

Action                     |  1- 3 |  4- 6 || total
---------------------------+-------+-------++-------
  Melee: War axe           |   131 |    17 ||   148
    Use: Potion            |       |     1 ||     1
 Armour: Scale mail        |    83 |    16 ||    99
  Dodge: Dodged            |    73 |    11 ||    84
  Block: Buckler           |    36 |     8 ||    44

Table legend: (Time is in decaauts)
 A = Elapsed time spent in this place.
 B = Non-inter-level travel time spent in this place.
 C = Inter-level travel time spent in this place.
 D = Time resting spent in this place.
 E = Time spent auto-exploring this place.
 F = Levels seen in this place.
 G = Mean time per level.
                   A        B        C        D        E       F      G
               +--------+--------+--------+--------+--------+-----+--------+
         Total |   1576 |   1490 |     86 |      0 |   1144 |   6 |  262.7 |
       Dungeon |   1576 |   1490 |     86 |      0 |   1144 |   6 |  262.7 |
               +--------+--------+--------+--------+--------+-----+--------+

Top non-repeatable levels by time:
     D:1: 828 daAuts
     D:2: 513 daAuts
     D:3: 151 daAuts
     D:5: 45 daAuts
     D:4: 28 daAuts
     D:6: 8 daAuts
